 Dungeon Crawl Stone Soup version 0.31-a0-174-g85c54bcb58 (webtiles) character file.

Game seed: 5097901787374991313

56 qw the Chopper (level 3, -6/25 HPs)
             Began as a Gargoyle Fighter on June 15, 2023.
             Mangled by an ogre
             ... wielding a +0 giant club
              (14 damage)
             ... on level 2 of the Dungeon.
             The game lasted 00:00:34 (1536 turns).

qw the Chopper (Gargoyle Fighter)                   Turns: 1536, Time: 00:00:34

Health: -6/25      AC: 13    Str: 21    XL:     3   Next: 97%
Magic:  3/3        EV:  9    Int:  8    God:
Gold:   62         SH:  4    Dex:  9    Spells: 2/2 levels left

rFire   + . .        Y - +0 war axe
rCold   . . .        c - +0 buckler
rNeg    + . .        b - +0 scale mail
rPois   inf          (no helmet)
rElec   +            (no cloak)
rCorr   .            k - +0 pair of gloves
SInv    .            (no boots)
Will    .....        (no amulet) Stlth
                     e - ring of protection from fire
HPRegen 0.24/turn    (no ring)
MPRegen 0.08/turn

%: no passive effects
@: no status effects
A: sickness immunity, AC +3, negative energy resistance 1, electricity
resistance, torment resistance 1, petrification resistance, iridescent scales 1,
robust 1, screaming 1
a: no special abilities


You were on level 2 of the Dungeon.
You visited 1 branch of the dungeon, and saw 2 of its levels.

You collected 62 gold pieces.


Innate Abilities, Weirdness & Mutations

You are immune to sickness and miasma.
Your stone body is resilient. (AC +3)
You are immune to poison.
You resist negative energy. (rN+)
You are resistant to electric shocks. (rElec)
You are resistant to unholy torment.
You are immune to petrification.
You are partially covered in iridescent scales. (AC +2)
You are robust. (+10% HP)
You occasionally shout uncontrollably at your foes.


   Skills:
 - Level 3.2 Fighting
 + Level 3.7 Axes
 - Level 3.2 Armour
 - Level 3.2 Shields


You had 2 spell levels left.
You didn't know any spells.
Your spell library was empty.

Inventory:

Hand Weapons
 l - a +0 whip
 Y - a +0 war axe (weapon)
Armour
 b - a +0 scale mail (worn)
 c - a +0 buckler (worn)
 k - a +0 pair of gloves (worn)
 m - a +0 chain mail
 p - a +3 ring mail
Jewellery
 e - a ring of protection from fire (left hand)
Scrolls
 a - a scroll of vulnerability {unknown}
 o - a scroll of fog {unknown}
Potions
 d - a potion of might
 f - a potion of haste {unknown}
 g - a potion of curing {unknown}
 h - a potion of resistance {unknown}
 i - 3 potions of mutation
 j - 2 potions of brilliance {unknown}
 n - 2 potions of attraction {unknown}

Dungeon Overview and Level Annotations

Branches:
Dungeon (2/15)

Altars:
Fedhas

Annotations:
D:2 1 runed translucent door, Crazy Yiuf


Message History

You barely miss the quokka. The kobold closely misses you.
The quokka closely misses you. The kobold closely misses you.
You hit the kobold.
You kill the kobold!
You miss the quokka.
The quokka bites you but does no damage. x2
You slash the quokka!
You kill the quokka!
You start resting.
HP restored.
Things that are here:
a +0 whip; a kobold corpse You yell at the hobgoblin!
A hobgoblin comes into view.
The hobgoblin shouts!
Enter note:
Enter note:
Enter note:
Enter note: You slash the hobgoblin!
You kill the hobgoblin!
p - a +3 ring mail
i - 3 potions of mutation (gained 2)
An ogre comes into view. It is wielding a +0 giant club.
The ogre shouts!
Enter note:
Enter note:
Enter note:
Enter note: You barely miss the ogre.
The ogre closely misses you.
You hit the ogre but do no damage. The ogre hits you with a +0 giant club!
Ouch! That really hurt!
You hit the ogre.
The ogre is lightly wounded.
The ogre hits you with a +0 giant club!
Ouch! That really hurt!
You die...

#.#.......# #+#
###.#.......# ...
#...#.......# #...#
#.###....... #)..#
#.# .... ##### #.#
# ##.## ####### .#
#...###.....#####.#
#.......###....@O.#
#...##### #########
#####


You could see an ogre.

Vanquished Creatures
  Terence (D:2)
  A dart slug (D:1)
  5 endoplasms
  3 hobgoblins
  4 jackals (D:1)
  A quokka (D:2)
  3 ball pythons
  2 bats
  3 frilled lizards
  3 kobolds
  3 rats
29 creatures vanquished.

Notes
Turn   | Place    | Note
-------+----------+-------------------------------------------
     0 | D:1      | qw the Gargoyle Fighter began the quest for the Orb.
     0 | D:1      | Reached XP level 1. HP: 14/14 MP: 1/1
     0 | D:1      | 0 ||| qw: Version: 0.2-a-29-g511e9b1
     0 | D:1      | 0 ||| qw: Game counter: 5602
     0 | D:1      | 0 ||| qw: Always use a shield: true
     0 | D:1      | 0 ||| qw: God list: Okawaru
     0 | D:1      | 0 ||| qw: Allow faded altars: false
     0 | D:1      | 0 ||| qw: Do Orc after D:15 true
     0 | D:1      | 0 ||| qw: Do second Lair branch before Depths: true
     0 | D:1      | 0 ||| qw: Lair rune preference: random
     0 | D:1      | 0 ||| qw: Plans: Normal, Zot:1-4, Slime:5, God:TSO, Crypt,
                  | Tomb, Abyss, Pan, Hells, Win
     0 | D:1      | 0 ||| PLANNING D:1-11
    55 | D:1      | 55 ||| Stepping ~*~*~tactically~*~*~ (hiding).
    57 | D:1      | 57 ||| Stepping ~*~*~tactically~*~*~ (hiding).
    60 | D:1      | 60 ||| Stepping ~*~*~tactically~*~*~ (hiding).
    61 | D:1      | 61 ||| Stepping ~*~*~tactically~*~*~ (hiding).
   209 | D:1      | 209 ||| Stepping ~*~*~tactically~*~*~ (stealth).
   229 | D:1      | Reached XP level 2. HP: 18/19 MP: 2/2
   924 | D:1      | 924 ||| UPGRADING to +0 pair of gloves.
   929 | D:1      | 929 ||| UPGRADING to ring of protection from fire.
   930 | D:1      | 930 ||| DROPPING ring of flight.
   931 | D:1      | 931 ||| READING scroll labelled CEECLO TUHU.
   932 | D:1      | 932 ||| DRINKING 2 fizzy black potions.
   932 | D:1      | Gained mutation: You occasionally shout uncontrollably at
                  | your foes. [potion of mutation]
   932 | D:1      | Gained mutation: You are robust. (+10% HP) [potion of
                  | mutation]
   932 | D:1      | Gained mutation: You are partially covered in iridescent
                  | scales. (AC +2) [potion of mutation]
  1057 | D:2      | Found a blossoming altar of Fedhas.
  1103 | D:2      | Reached skill level 3 in Axes
  1104 | D:2      | Reached XP level 3. HP: 22/25 MP: 3/3
  1119 | D:2      | 1119 ||| DROPPING +0 club.
  1161 | D:2      | 1161 ||| Stepping ~*~*~tactically~*~*~ (stealth).
  1164 | D:2      | Noticed Terence
  1180 | D:2      | Killed Terence
  1220 | D:2      | Found a runed translucent door.
  1221 | D:2      | Noticed Crazy Yiuf
  1532 | D:2      | Noticed an ogre
  1536 | D:2      | Mangled by an ogre

Levels and vault maps discovered:
D:1:      erik_arrival_blinker_ship, layout_loops_corners
D:2:      minmay_alternating_diamond, layout_loops_cross, basic_altar,
          uniq_terence, uniq_crazy_yiuf_cottage

Skill      XL: |  1  2 |
---------------+-------+-----
Axes           | 2 3 |  3.7
Fighting       | |  3.2
Armour         | |  3.2
Shields        | |  3.2

Action                     || total
---------------------------++-------
  Melee: War axe           ||    89
    Use: Scroll            ||     1
         Potion            ||     1
 Armour: Scale mail        ||    39
  Dodge: Dodged            ||    35
  Block: Buckler           ||    17

Table legend:
 A = Non-vault XP
 B = Vault XP
 C = Vault XP percentage of total XP
 D = Non-vault monster count
 E = Vault monster count
 F = Vault count percentage of total count
                 A         B        C        D         E       F
            +---------+---------+-------+---------+---------+-------
      Total |      37 |      44 |  54.3 |      24 |       5 |  17.2
            +---------+---------+-------+---------+---------+-------
        D:1 |      23 |       0 |   0.0 |      14 |       0 |   0.0
        D:2 |      14 |      44 |  75.9 |      10 |       5 |  33.3
            +---------+---------+-------+---------+---------+-------
